 Dungeon Crawl Stone Soup version 0.21.1-1-g345015f (webtiles) character file.

285 nightchill the Charmwright (level 6, -1/50 HPs)
             Began as a Gnoll Skald on June 22, 2018.
             Killed from afar by an orc wizard (9 damage)
             ... with a puff of flame
             ... on level 3 of the Dungeon.
             The game lasted 00:06:51 (2901 turns).

nightchill the Charmwright (Gnoll Skald)            Turns: 2901, Time: 00:06:51

Health: -1/50      AC:  3    Str: 16    XL:     6   Next: 29%
Magic:  11/14      EV: 14    Int: 15    God:
Gold:   91         SH:  0    Dex: 14    Spells: 8/15 levels left

rFire    . . .     SeeInvis .   p - +1 whip (pain)
rCold    . . .     Gourm    .   (no shield)
rNeg     . . .     Faith    .   b - +0 leather armour
rPois    .         Spirit   .   (no helmet)
rElec    .         Reflect  .   (no cloak)
rCorr    .         Harm     .   (no gloves)
MR       .....                  (no boots)
Stlth    ++........             (no amulet)
HPRegen  0.16/turn              (no ring)
MPRegen  0.14/turn              (no ring)

@: very slightly contaminated
A: distributed training, fangs 1, strong nose
a: no special abilities


You were on level 3 of the Dungeon.
You were hungry.

You visited 1 branch of the dungeon, and saw 3 of its levels.

You collected 91 gold pieces.

Inventory:

Hand Weapons
 a - a +0 mace
 l - a +2 dagger of venom
 p - a +1 whip of pain (weapon)
 t - a +2 war axe of chopping
Missiles
 i - 4 steel javelins (quivered)
 k - 4 tomahawks
 m - a throwing net
Armour
 b - a +0 leather armour (worn)
 o - a +0 large shield
Jewellery
 e - an uncursed amulet of faith {unknown}
 n - a +4 ring of strength {unknown}
Scrolls
 f - 2 scrolls of remove curse {unknown}
 g - a scroll of random uselessness {unknown}
 h - a scroll of blinking {unknown}
 j - a scroll of immolation {unknown}
 q - 3 scrolls of teleportation {unknown}
 u - 5 scrolls of identify {unknown}
Books
 c - a book of Battle

   Spells                             Type                      Level
   a - Infusion                       Charms                       1
   b - Shroud of Golubria             Charms/Translocation         2
   c - Song of Slaying                Charms                       2
   d - Spectral Weapon                Hexes/Charms                 3
   e - Regeneration                   Charms/Necromancy            3
Comestibles
 d - 6 rations
 v - a chunk of flesh


   Skills:
 + Level 4.9 Fighting
 + Level 1.8 Short Blades
 + Level 1.8 Long Blades
 + Level 1.8 Axes
 + Level 4.9 Maces & Flails
 + Level 1.8 Polearms
 + Level 1.8 Staves
 + Level 1.8 Slings
 + Level 1.8 Bows
 + Level 1.8 Crossbows
 + Level 1.8 Throwing
 + Level 3.2 Armour
 + Level 4.9 Dodging
 + Level 1.8 Stealth
 + Level 1.8 Shields
 + Level 1.8 Unarmed Combat
 + Level 5.3 Spellcasting
 + Level 1.4 Conjurations
 + Level 1.4 Hexes
 + Level 5.6 Charms
 + Level 1.4 Summonings
 + Level 1.4 Necromancy
 + Level 1.4 Translocations
 + Level 1.4 Transmutations
 + Level 1.4 Fire Magic
 + Level 1.4 Ice Magic
 + Level 1.4 Air Magic
 + Level 1.4 Earth Magic
 + Level 1.4 Poison Magic
 + Level 2.0 Invocations
 + Level 1.8 Evocations


You had 8 spell levels left.
You knew the following spells:

 Your Spells              Type           Power        Failure   Level  Hunger
a - Infusion              Chrm           ###.         1%          1    None
b - Regeneration          Chrm/Necr      ##........   13%         3    ###....
c - Spectral Weapon       Hex/Chrm       ##......     13%         3    ###....


Dungeon Overview and Level Annotations

Branches:
Dungeon (3/15)

Altars:
Elyvilon
Trog
Yredelemnul


Innate Abilities, Weirdness & Mutations

Your experience applies equally to all skills.
You have very sharp teeth.
Your uncanny sense of smell can sniff out nearby items.


Message History

* * * LOW HITPOINT WARNING * * *
You barely miss something. Something hits you but does no damage.
It was a potion of curing.
You feel better. Something hits you.
* * * LOW HITPOINT WARNING * * *
You miss something. Something hits you.
* * * LOW HITPOINT WARNING * * *
You miss something. Something hits you but does no damage.
You barely miss something. Something barely misses you.
You hit something but do no damage. You bite something.
Something hits you but does no damage.
You closely miss something. Something hits you.
* * * LOW HITPOINT WARNING * * *
You hit something. You hit something. Something hits you.
* * * LOW HITPOINT WARNING * * *
You hit something.
You hear some strange, mumbled words.
A puff of flame appears from out of thin air!
The puff of flame hits you!
You die...

.........#...#.##.......#######.#
.............# ##.....[.........#
..#####.o##.##.##........#####..#
.. ##o..o...#########.#####..# ..
####o############.##.....# .. #.#
#........##.##.## .. #.#
#.#####........# ..
#.#####.......###.####
#....{@.##........#
#######.##.##.##### ∆ #....##.#
#.......# #.#####.# #.......#
#########


There were no monsters in sight!

Vanquished Creatures
  An ice beast (D:2)
  An orc priest (D:3)
  An orc wizard (D:3)
  3 gnolls (D:2)
  5 adders (D:2)
  2 oozes (D:2)
  A worm (D:3)
  3 dart slugs
  2 leopard geckos (D:2)
  An orc (D:3)
  7 bats
  A giant cockroach (D:2)
  6 goblins
  3 hobgoblins
  4 kobolds
  2 frilled lizards
  5 rats
48 creatures vanquished.

Notes
Turn   | Place    | Note
-------+----------+-------------------------------------------
     0 | D:1      | nightchill the Gnoll Skald began the quest for the Orb.
     0 | D:1      | Reached XP level 1. HP: 20/20 MP: 6/6
   184 | D:1      | Reached XP level 2. HP: 26/26 MP: 7/7
   906 | D:2      | Reached XP level 3. HP: 31/31 MP: 9/9
   937 | D:2      | Reached skill level 5 in Spellcasting
  1164 | D:2      | Reached skill level 1 in Invocations
  1168 | D:2      | Reached skill level 1 in Short Blades
  1168 | D:2      | Reached skill level 1 in Long Blades
  1168 | D:2      | Reached skill level 1 in Axes
  1168 | D:2      | Reached skill level 1 in Polearms
  1168 | D:2      | Reached skill level 1 in Staves
  1168 | D:2      | Reached skill level 1 in Slings
  1168 | D:2      | Reached skill level 1 in Bows
  1168 | D:2      | Reached skill level 1 in Crossbows
  1168 | D:2      | Reached skill level 1 in Throwing
  1168 | D:2      | Reached skill level 1 in Stealth
  1168 | D:2      | Reached skill level 1 in Shields
  1168 | D:2      | Reached skill level 1 in Unarmed Combat
  1168 | D:2      | Reached skill level 1 in Evocations
  1173 | D:2      | Reached XP level 4. HP: 5/38 MP: 11/11
  1878 | D:2      | Reached skill level 1 in Conjurations
  1878 | D:2      | Reached skill level 1 in Hexes
  1878 | D:2      | Reached skill level 1 in Summonings
  1878 | D:2      | Reached skill level 1 in Necromancy
  1878 | D:2      | Reached skill level 1 in Translocations
  1878 | D:2      | Reached skill level 1 in Transmutations
  1878 | D:2      | Reached skill level 1 in Fire Magic
  1878 | D:2      | Reached skill level 1 in Ice Magic
  1878 | D:2      | Reached skill level 1 in Air Magic
  1878 | D:2      | Reached skill level 1 in Earth Magic
  1878 | D:2      | Reached skill level 1 in Poison Magic
  2102 | D:2      | Learned a level 3 spell: Regeneration
  2106 | D:2      | Learned a level 3 spell: Spectral Weapon
  2106 | D:2      | Found a bloodstained altar of Trog.
  2241 | D:2      | Reached XP level 5. HP: 41/43 MP: 12/12
  2465 | D:2      | Noticed an ice beast
  2527 | D:2      | Killed an ice beast
  2529 | D:2      | Found a basalt altar of Yredelemnul.
  2668 | D:3      | Reached XP level 6. HP: 50/50 MP: 13/13
  2727 | D:3      | Found a white marble altar of Elyvilon.
  2901 | D:3      | Killed from afar by an orc wizard

Skill      XL: |  1  2  3  4  5  6 |
---------------+-------------------+-----
Spellcasting   | 5 |  5.3
Invocations    | 1 2 |  2.0
Short Blades   | 1 |  1.8
Long Blades    | 1 |  1.8
Axes           | 1 |  1.8
Polearms       | 1 |  1.8
Staves         | 1 |  1.8
Slings         | 1 |  1.8
Bows           | 1 |  1.8
Crossbows      | 1 |  1.8
Throwing       | 1 |  1.8
Stealth        | 1 |  1.8
Shields        | 1 |  1.8
Unarmed Combat | 1 |  1.8
Evocations     | 1 |  1.8
Conjurations   | 1 |  1.4
Hexes          | 1 |  1.4
Summonings     | 1 |  1.4
Necromancy     | 1 |  1.4
Translocations | 1 |  1.4
Transmutations | 1 |  1.4
Fire Magic     | 1 |  1.4
Ice Magic      | 1 |  1.4
Air Magic      | 1 |  1.4
Earth Magic    | 1 |  1.4
Poison Magic   | 1 |  1.4
Armour         | 3 |  3.2
Fighting       | |  4.9
Maces & Flails | |  4.9
Dodging        | |  4.9
Charms         | |  5.6

Action                   |  1- 3 |  4- 6 || total
-------------------------+-------+-------++-------
Melee: Mace              |    78 |       ||    78
       Bite              |    10 |    15 ||    25
       Dagger            |    15 |       ||    15
       Whip              |       |   111 ||   111
       Punch             |       |     1 ||     1
Throw: Javelin           |       |    11 ||    11
 Cast: Regeneration      |       |     2 ||     2
       Spectral Weapon   |       |     2 ||     2
  Use: Potion            |     1 |     2 ||     3
 Stab: Sleeping          |     1 |     1 ||     2
  Eat: Chunk             |     1 |     5 ||     6
Armor: Leather armour    |    22 |    16 ||    38
Dodge: Dodged            |    88 |    51 ||   139
